AoeStats
← Fluvialgeomorphologist

Arena

507412704Analyzed
4v4 RM · 13d ago on Sep 18, 2026· 38m 12s· 8 players
Game mode
Random Map
Map size
Large (8 player)
Population
200
Speed
Normal
Resources
Standard
Victory
Conquest
Starting age
Dark Age
Ending age
Imperial Age
RankedLock teamsTeams togetherTeam positionsShared explorationLock speedFull tech treeHidden civsTurbo modeCheats
Victory
Defeat
🇨🇴 Portuguese · Colombia
906
+16
🇺🇸 Malians · United States
902
+16
🇺🇸 Franks · United States
895
+16
🇨🇳 Magyars · China
889
+17
🇺🇸 Franks · United States
1003
-21
🇺🇸 Persians · United States
950
-18
🇨🇦 Goths · Canada
829
-13
🇺🇸 Teutons · United States
823
-13
wild
0:26 Loom
10:56 Feudal Age
16:56 Castle Age
16:23 Double-Bit Axe
28:54 Town Watch
31:49 Wheelbarrow
31:44 Gold Mining
32:41 Fletching
32:51 Padded Archer Armor
33:42 Hand Cart
33:54 Bow Saw
35:27 Husbandry
35:39 Stone Mining
38:57 Imperial Age
37:30 Forging
37:24 Scale Mail Armor
37:29 Scale Barding Armor
37:20 Bodkin Arrow
37:41 Leather Archer Armor
38:05 Gold Shaft Mining
37:48 Caravan
38:29 #83
Kevin
0:30 Loom
11:55 Feudal Age
16:53 Castle Age
14:41 Double-Bit Axe
15:28 Horse Collar
20:52 Heavy Plow
25:52 Wheelbarrow
25:30 Bow Saw
25:41 Stone Mining
26:37 Gold Mining
28:44 Gold Shaft Mining
28:55 Hand Cart
28:25 Town Watch
29:23 Treadmill Crane
30:59 Corvinian Army
35:58 Imperial Age
34:32 Ballistics
34:04 Fletching
34:14 Padded Archer Armor
34:20 Scale Barding Armor
35:11 Thumb Ring
35:12 Bodkin Arrow
35:32 Leather Archer Armor
35:36 Town Patrol
36:11 Heavy Cavalry Archer
37:43 Crop Rotation
38:15 Two-Man Saw
36:52 Elite Magyar Huszar
37:33 Recurve Bow
38:13 Hoardings
38:05 Parthian Tactics
37:46 Bracer
38:19 Chain Barding Armor
el_joker
11:08 Feudal Age
15:12 Castle Age
13:13 Double-Bit Axe
13:39 Stone Mining
13:39 Loom
26:06 Pikeman
29:36 Wheelbarrow
31:04 Horse Collar
32:16 Bow Saw
36:46 Imperial Age
35:38 Forging
35:28 Scale Mail Armor
36:19 Arson
37:11 Iron Casting
37:37 Chain Mail Armor
38:34 Conscription
Fluvialgeomorphologist
11:36 Feudal Age
9:52 Loom
13:00 Double-Bit Axe
12:58 Horse Collar
15:36 Castle Age
16:33 Bow Saw
16:26 Heavy Plow
22:15 Wheelbarrow
22:49 Gold Mining
24:18 Gold Shaft Mining
25:04 Hand Cart
25:33 Stone Mining
29:36 Imperial Age
27:54 Bloodlines
27:46 Husbandry
28:42 Stone Shaft Mining
28:45 Light Cavalry
29:30 Town Watch
30:03 Heavy Camel Rider
30:07 Cavalier
31:15 Forging
31:11 Scale Barding Armor
30:31 Man-at-Arms
31:12 Squires
31:36 Farimba
31:57 Conscription
32:04 Capped Ram
34:39 Chemistry
34:43 Iron Casting
34:29 Chain Barding Armor
34:18 Pikeman
35:31 Scale Mail Armor
35:22 Fletching
35:33 Padded Archer Armor
37:31 Plate Barding Armor
LOOPGOD
12:45 Feudal Age
16:38 Castle Age
15:07 Double-Bit Axe
18:24 Bow Saw
R.I.P
11:01 Feudal Age
15:41 Castle Age
14:16 Double-Bit Axe
14:20 Horse Collar
25:15 Wheelbarrow
24:26 Loom
25:03 Bow Saw
24:51 Stone Mining
24:55 Gold Mining
27:38 Stone Shaft Mining
27:24 Hand Cart
32:01 Imperial Age
30:00 Ballistics
29:36 Murder Holes
29:53 Masonry
30:14 Forging
30:05 Scale Mail Armor
29:56 Fletching
30:07 Padded Archer Armor
30:27 Pikeman
31:07 Squires
32:00 Iron Casting
30:56 Man-at-Arms
31:52 Heavy Plow
32:50 Chain Mail Armor
33:35 Crop Rotation
34:19 Two-Man Saw
35:09 Chemistry
35:42 Blast Furnace
35:16 Conscription
34:57 Perfusion
35:04 Long Swordsman
36:21 Anarchy
36:31 Halberdier
36:37 Two-Handed Swordsman
SavageDumpling
3:58 Loom
10:07 Feudal Age
14:49 Castle Age
13:05 Double-Bit Axe
13:49 Gold Mining
14:46 Town Watch
15:37 Wheelbarrow
18:57 Horse Collar
23:02 Forging
24:16 Town Patrol
24:40 Bow Saw
24:47 Husbandry
24:58 Bloodlines
25:01 Scale Barding Armor
25:19 Heavy Plow
27:14 Iron Casting
27:35 Stone Mining
33:25 Imperial Age
31:25 Hand Cart
32:43 Chain Barding Armor
34:18 Gold Shaft Mining
33:30 Heavy Camel Rider
36:01 Blast Furnace
dokoenig3
12:12 Feudal Age
17:59 Castle Age
16:33 Double-Bit Axe
16:31 Horse Collar
21:15 Bow Saw
21:21 Stone Mining
22:51 Wheelbarrow
22:01 Town Watch
22:03 Loom
22:24 Gold Mining
24:54 Fortified Wall
29:12 Imperial Age
28:23 Stone Shaft Mining
27:52 Heavy Plow
31:28 Chemistry
30:49 Ballistics
30:46 Pikeman
31:27 Squires
31:13 Gambesons
31:14 Arson
31:56 Caravan
32:27 Coinage
32:31 Crop Rotation
33:01 Hand Cart
33:14 Halberdier
35:33 Onager
36:37 Bombard Tower
37:56 Conscription
Connection lost

Rejoining the realm…

Still unreachable

The connection could not be restored.

Session expired

The server has moved on; the page needs a fresh start.